 Dungeon Crawl Stone Soup version 0.27.1-3-gb3d3a73c9e (webtiles) character file.

Game seed: 12381011220317916490

104619 cdecastro the Executioner (level 15, -7/225 HPs)
             Began as a Minotaur Berserker on Oct 9, 2021.
             Was a High Priest of Trog.
             Mangled by Nikola (11 damage)
             ... on level 1 of the Shoals.
             The game lasted 01:21:12 (26496 turns).

cdecastro the Executioner (Minotaur Berserker)     Turns: 26496, Time: 01:21:13

Health: -7/225     AC: 20    Str: 23    XL:     15   Next: 92%
Magic:  14/14      EV:  9    Int:  4    God:    Trog [*****.]
Gold:   262        SH:  0    Dex: 15    Spells: 14/14 levels left

rFire    + + .     SeeInvis .   a - +8 executioner's axe (flame)
rCold    + . .     Faith    .   (shield currently unavailable)
rNeg     + . .     Spirit   .   l - +1 chain mail {Will+}
rPois    .         Reflect  .   o - +2 hat
rElec    .         Harm     .   N - scarf {rC+ rF+}
rCorr    .         Rampage  +   p - +0 pair of gloves
Will     ++...                  m - +1 pair of boots {rampage}
Stlth    ..........             Y - amulet of regeneration
HPRegen  1.47/turn              I - ring of protection from fire
MPRegen  0.14/turn              M - ring of positive energy

@: berserking (expiring), very quick
A: horns 2, retaliatory headbutt
a: Renounce Religion, Berserk, Trog's Hand, Brothers in Arms


You were on level 1 of the Shoals.
You worshipped Trog.
Trog was extremely pleased with you.
You visited 6 branches of the dungeon, and saw 26 of its levels.
You also visited: Ossuary, Bailey, Volcano and Desolation.

You collected 2911 gold pieces.
You spent 2649 gold pieces at shops.

Inventory:

Hand Weapons
 a - a +8 executioner's axe of flaming (weapon)
 b - a +3 arbalest
 v - a +3 antimagic battleaxe
Missiles
 d - 110 poisoned darts (quivered)
 k - 1207 arrows
 r - 476 bolts
 S - 30 javelins
Armour
 l - a +1 chain mail of willpower (worn)
 m - a +1 pair of boots of rampaging (worn)
 o - a +2 hat (worn)
 p - a +0 pair of gloves (worn)
 N - a scarf of resistance (worn)
 T - a +0 plate armour
Jewellery
 y - a ring of ice
 I - a ring of protection from fire (left hand)
 L - a ring of see invisible
 M - a ring of positive energy (right hand)
 Y - an amulet of regeneration (around neck)
Wands
 n - a wand of polymorph (13)
 t - a wand of paralysis (13)
 F - a wand of mindburst (19)
 P - a wand of acid (10)
 R - a wand of flame (28)
Scrolls
 c - 2 scrolls of torment
 g - 2 scrolls of blinking
 h - 2 scrolls of holy word
 j - a scroll of brand weapon
 q - a scroll of enchant armour
 u - 10 scrolls of magic mapping
 w - 2 scrolls of silence
 B - 4 scrolls of fog
 G - 2 scrolls of identify
 J - 5 scrolls of teleportation
 W - a scroll of immolation
 Z - a scroll of fear
Potions
 e - 9 potions of flight
 f - a potion of ambrosia
 i - 2 potions of mutation
 x - 9 potions of curing
 z - 3 potions of cancellation
 A - a potion of berserk rage
 C - a potion of haste
 D - 6 potions of might
 H - 3 potions of invisibility
 K - 3 potions of resistance
 Q - 3 potions of magic
Miscellaneous
 s - a box of beasts


   Skills:
 + Level 18.4 Fighting
 - Level 22.0 Axes
 - Level 15.0 Armour
 - Level 2.1 Dodging


You had 14 spell levels left.
You didn't know any spells.
Your spell library contained the following spells:

 Spells                   Type           Power      Damage    Failure   Level
 Animate Skeleton         Necr           0%         N/A       94%         1
 Corona                   Hex            0%         N/A       94%         1
 Pain                     Necr           0%         1d4       94%         1
 Shock                    Conj/Air       0%         1d3       94%         1
 Ensorcelled Hibernation  Hex/Ice        0%         N/A       98%         2
 Frozen Ramparts          Ice            0%         1d2       100%        3
 Gell's Gravitas          Tloc           0%         N/A       100%        3
 Lesser Beckoning         Tloc           0%         N/A       100%        3
 Swiftness                Air            0%         N/A       100%        3
 Teleport Other           Tloc           0%         N/A       100%        3
 Tukima's Dance           Hex            0%         N/A       100%        3
 Vampiric Draining        Necr           0%         2d6       100%        3
 Airstrike                Air            0%         N/A       100%        4
 Animate Armour           Summ/Erth      0%         N/A       100%        4
 Ice Form                 Ice/Tmut       0%         N/A       100%        4
 Passage of Golubria      Tloc           N/A        N/A       100%        4
 Petrify                  Tmut/Erth      0%         N/A       100%        4
 Summon Ice Beast         Ice/Summ       0%         N/A       100%        4
 Blade Hands              Tmut           0%         N/A       100%        5
 Metabolic Englaciation   Hex/Ice        0%         N/A       100%        5
 Yara's Violent Unravell  Hex/Tmut       0%         3d3       100%        5
 Dispersal                Tloc           0%         N/A       100%        6
 Iron Shot                Conj/Erth      0%         9d1       100%        6
 Statue Form              Tmut/Erth      0%         N/A       100%        6
 Malign Gateway           Summ/Tloc      0%         N/A       100%        7
 Borgnjor's Revivificati  Necr           0%         N/A       100%        8
 Disjunction              Tloc           0%         N/A       100%        8
 Necromutation            Tmut/Necr      0%         N/A       100%        8
 Summon Horrible Things   Summ           0%         N/A       100%        8
 Death's Door             Necr           0%         N/A       100%        9


Dungeon Overview and Level Annotations

Branches:
Dungeon (15/15)            Temple (1/1) D:5            Lair (6/6) D:8
 Shoals (1/4) Lair:3       Spider (0/4) Lair:4        Slime (0/5) Lair:5
    Orc (2/2) D:9             Elf (1/3) Orc:2        Vaults (0/5) D:13
 Depths (0/5) D:15        Ossuary (visited)          Bailey (visited)
Volcano (visited)         Desolation (visited)

Altars:
Ashenzari
Cheibriados
Dithmenos
Elyvilon
Fedhas
Gozag
Hepliaklqana
Kikubaaqudgha
Makhleb
Nemelex Xobeh
Okawaru
Qazlal
Ru
Sif Muna
Trog
Uskayaw
Vehumet
Wu Jian
Xom
Yredelemnul
Zin
The Shining One
Beogh
Jiyva
Lugonu

Shops:
D:1 *   D:11 (   Orc:2 !*=[   Shoals:1 *

Portals:
Abyss: Lair:6
Trove: D:11 (give horn of Geryon)

Annotations:
D:9 2 transporters
Lair:1 1 runed translucent door, barney's ghost, journeyman DrTm
Shoals:1 Nikola


Innate Abilities, Weirdness & Mutations

You have a pair of horns on your head.
You reflexively headbutt those who attack you in melee.


Message History

Press: ? - help, v - describe, . - travel
Here: Nikola, wielding a +3 rapier of electrocution, wearing a +2 cloak and wearing a +2 pair of gloves (heavily wounded)
The floor.
Unknown command.
You feel much better.
A red film seems to cover your vision as you go berserk!
You feel yourself moving faster!
You feel mighty!
Unknown command.
You barely miss Nikola.
Nikola is heavily wounded.
Unknown command.
You slice Nikola!! You burn Nikola!
Nikola is severely wounded.
Nikola hits you but does no damage.
You are electrocuted!
* * * LOW HITPOINT WARNING * * *
Unknown command.
You barely miss Nikola.
Nikola is severely wounded.
Unknown command.
You barely miss Nikola. You headbutt Nikola.
Nikola is severely wounded.
Your skin stops crawling.
You feel less strong-willed. Nikola hits you but does no damage.
Unknown command.
You closely miss Nikola.
Nikola is severely wounded.
Unknown command.
You closely miss Nikola.
Nikola is severely wounded.
Nikola gestures wildly while chanting.
Lightning arcs from Nikola's hands!
The bolt of lightning hits you!!!
* * * LOW HITPOINT WARNING * * *
A bolt of lightning appears from out of thin air!
The bolt of lightning hits Nikola!
You hear an angry hiss.
You hear a shout!
Unknown command.
You slash Nikola! You burn Nikola! Your headbutt misses Nikola.
Nikola is almost dead.
Nikola hits you with a +3 rapier of electrocution!
You die...

≈≈≈≈≈≈≈≈≈≈≈≈≈≈≈≈≈≈≈≈≈≈≈
≈≈≈≈≈≈≈≈≈≈≈≈≈≈≈≈≈≈≈≈≈≈≈
≈≈≈.≈≈≈≈≈≈≈≈≈≈.≈≈≈≈≈≈≈≈≈≈
≈≈....≈≈≈≈≈≈≈≈...≈≈≈≈≈≈≈≈≈≈
≈≈. #...≈≈≈≈≈.....≈≈≈≈≈≈≈≈≈
≈≈.# #..≈≈≈≈≈[#...≈≈≈≈≈≈≈≈≈
≈≈.###..≈≈≈≈.###..≈≈≈≈≈≈≈≈≈
≈≈.....≈≈≈≈≈.##....≈≈≈≈≈≈≈≈
.≈≈...≈≈≈≈≈≈.###@...≈≈≈≈≈≈≈
....≈≈≈≈≈≈≈≈...@.....≈≈≈≈≈≈
......≈≈≈≈≈≈≈≈≈........≈≈≈≈
###....≈≈≈≈≈≈≈≈........≈≈≈≈
####...≈≈≈≈≈≈≈...###...≈≈≈≈
##..P≈≈≈P≈≈......###...≈≈≈≈
....≈≈≈≈≈...$.......[...≈≈≈
≈≈≈≈≈≈≈≈............)...≈≈≈
≈≈≈≈≈P≈≈..P#........≈≈≈≈≈≈≈


You could see Nikola.

Vanquished Creatures
  Saint Roka (Orc:2)
  Rupert (D:13)
  A stone giant (D:15)
  Snorg (D:14)
  Josephine (Orc:2)
  A fire dragon (Lair:4)
  2 rakshasas
  4 boulder beetles
  Erolcha (Orc:2)
  10 hydras
  11 centaur warriors
  2 two-headed ogres
  An ogre mage (D:13)
  4 death yaks (Lair:4)
  Urug (D:13)
  2 thrashing horrors (Lair:6)
  Sonja (Lair:5)
  3 sea snakes (Shoals:1)
  2 skeletal warriors (Volcano)
  4 deep elf pyromancers
  2 anaconda skeletons (Volcano)
  3 orc knights (Orc:2)
  2 deep elf zephyrmancers (Elf:1)
  16 ugly things
  An orc sorcerer (Orc:1)
  6 manticores
  3 fauns (Shoals:1)
  4 cyclopes
  13 elephants
  2 merfolk sirens
  2 centaur zombies
  4 black mambas
  Joseph (Lair:1)
  4 gargoyles
  10 cane toads
  A yaktaur (shapeshifter) (Lair:6)
  3 rime drakes
  10 komodo dragons
  2 tengu conjurers (D:14)
  2 ancient zymes (Lair:6)
  3 trolls
  Prince Ribbit (D:6)
  A jumping spider (shapeshifter) (Lair:6)
  A harpy skeleton (Volcano)
  6 slime creatures (D:14)
  36 blink frogs
  Sigmund (D:6)
  3 centaur simulacra
  2 flying skulls (Volcano)
  A spriggan (Lair:6)
  A water elemental (D:14)
  6 wraiths
  A shadow (D:13)
  25 yaks
  A vampire (D:9)
  2 ynoxinuls (Lair:6)
  8 basilisks
  6 wyverns
  15 humans
  Menkaure (D:6)
  2 chaos spawn (Lair:6)
  3 vampire mosquitoes (D:12)
  2 wargs
  3 large abominations (Lair:6)
  2 acid dragons
  18 water moccasins
  42 orc warriors
  A sky beast (D:6)
  5 black bears
  An ogre (shapeshifter) (D:13)
  14 wolves
  46 centaurs
  6 ogres
  A phantom (D:7)
  2 kobold brigands
  6 small abominations (Lair:6)
  14 bullfrogs
  2 gnoll sergeants
  A scorpion (Lair:2)
  A wyvern zombie (D:7)
  5 water moccasin zombies (Ossuary)
  2 water moccasin skeletons
  A spriggan skeleton (Volcano)
  A troll skeleton (Volcano)
  4 electric eels
  14 wights
  2 lava snakes (D:14)
  9 orc priests
  4 jellies
  A centaur skeleton (D:7)
  3 hounds
  3 iguanas
  Ijyb (D:3)
  14 orc wizards
  2 hound skeletons (D:5)
  2 mummies (Ossuary)
  A howler monkey zombie (D:9)
  13 gnolls
  3 adders
  2 howler monkey skeletons
  2 shadow imps
  An ufetubus (D:6)
  8 adder zombies (Ossuary)
  A worm (D:3)
  2 dart slugs (D:1)
  78 orcs
  5 ball pythons
  14 bats
  9 endoplasms
  2 giant cockroaches
  3 gnoll zombies (Ossuary)
  8 goblins
  9 hobgoblins
  6 quokkas
  3 frilled lizards
  2 hobgoblin zombies (Ossuary)
  8 kobolds
  4 kobold zombies (Ossuary)
  4 orc zombies (Ossuary)
  2 rats (D:1)
  A butterfly (D:5)
  5 pillars of salt (Elf:1)
702 creatures vanquished.

Vanquished Creatures (collateral kills)
  An ancient zyme (Lair:6)
  A hog (shapeshifter) (Lair:6)
  A human (D:13)
  An orc warrior (Orc:2)
  A small abomination (Lair:6)
  An orc (Orc:2)
6 creatures vanquished.

Vanquished Creatures (others)
  A flying skull (Volcano)
  3 bushes (Lair:4)
  30 fungi
  73 plants
  4 toadstools (D:1)
111 creatures vanquished.

Grand Total: 819 creatures vanquished

Notes
Turn   | Place    | Note
-------+----------+-------------------------------------------
     0 | D:1      | cdecastro the Minotaur Berserker began the quest for the
                  | Orb.
     0 | D:1      | Reached XP level 1. HP: 19/19 MP: 0/0
     9 | D:1      | Found a faded altar of an unknown god.
   166 | D:1      | Reached skill level 4 in Axes
   185 | D:1      | Found Waonoq's Assorted Antiques.
   196 | D:1      | Reached XP level 2. HP: 23/26 MP: 1/1
   508 | D:1      | Reached skill level 5 in Axes
   538 | D:1      | You fall into a shaft and drop 1 floor!
   540 | D:2      | Reached ** piety under Trog
   565 | D:2      | Reached XP level 3. HP: 30/31 MP: 2/2
  1710 | D:3      | Noticed Ijyb
  1716 | D:3      | Killed Ijyb
  1717 | D:3      | Reached skill level 6 in Axes
  1717 | D:3      | Reached XP level 4. HP: 39/39 MP: 3/3
  1775 | D:3      | Found a sacrificial altar of Ru.
  2551 | D:4      | Reached skill level 7 in Axes
  2551 | D:4      | Reached XP level 5. HP: 42/45 MP: 4/4
  2622 | D:4      | Found a sand-covered staircase.
  2641 | Ossuary  | Entered an ossuary
  2657 | Ossuary  | Reached skill level 8 in Axes
  2663 | Ossuary  | Reached XP level 6. HP: 30/51 MP: 5/5
  2664 | Ossuary  | Reached *** piety under Trog
  2808 | Ossuary  | Reached skill level 9 in Axes
  2895 | Ossuary  | Reached XP level 7. HP: 57/57 MP: 6/6
  3015 | D:4      | Found an iron altar of Okawaru.
  3019 | D:4      | Found a glowing golden altar of the Shining One.
  3207 | D:5      | Entered Level 5 of the Dungeon
  3239 | D:5      | Found a staircase to the Ecumenical Temple.
  3257 | Temple   | Entered the Ecumenical Temple
  3624 | D:5      | Reached skill level 10 in Axes
  3648 | D:5      | Found Barueq's Distillery.
  3666 | D:5      | Bought a potion of might for 44 gold pieces
  3666 | D:5      | Bought a potion of curing for 33 gold pieces
  3666 | D:5      | Bought a potion of lignification for 33 gold pieces
  3666 | D:5      | Bought a potion of flight for 33 gold pieces
  3666 | D:5      | Bought a potion of attraction for 33 gold pieces
  4001 | D:5      | Noticed a two-headed ogre
  4017 | D:5      | Killed a two-headed ogre
  4018 | D:5      | Reached skill level 12 in Axes
  4018 | D:5      | Reached XP level 8. HP: 30/64 MP: 7/7
  4400 | D:6      | Reached skill level 13 in Axes
  4552 | D:6      | Noticed Menkaure
  4556 | D:6      | Killed Menkaure
  4596 | D:6      | Noticed Sigmund
  4631 | D:6      | Killed Sigmund
  4632 | D:6      | Reached XP level 9. HP: 49/70 MP: 8/8
  4820 | D:6      | Found Zin's Purification Station.
  4820 | D:6      | Found a glowing silver altar of Zin.
  4820 | D:6      | Noticed Prince Ribbit
  4831 | D:6      | Killed Prince Ribbit
  4832 | D:6      | Reached skill level 14 in Axes
  4895 | D:6      | Reached **** piety under Trog
  4962 | D:6      | Reached skill level 5 in Fighting
  5954 | D:7      | Found Vagh's Magic Scroll Emporium.
  5960 | D:7      | Bought a scroll of teleportation for 36 gold pieces
  6042 | D:7      | Found a hide-covered altar of Uskayaw.
  6704 | D:8      | Found a staircase to the Lair.
  6809 | D:8      | Reached skill level 10 in Fighting
  6814 | D:8      | Reached XP level 10. HP: 93/93 MP: 9/9
  7149 | D:8      | Found a shimmering altar of Xom.
  7370 | D:1      | Bought a scroll labelled LAURUKL ENOGI for 25 gold pieces
  7370 | D:1      | Bought a scroll labelled EKLUCA SAEGEIN for 25 gold pieces
  7370 | D:1      | Bought a scroll labelled SESTRI OWOTEO for 25 gold pieces
  7370 | D:1      | Bought a silver wand for 100 gold pieces
  7370 | D:1      | Bought a puce potion for 22 gold pieces
  7479 | D:5      | Bought a potion of magic for 88 gold pieces
  7575 | D:9      | Found a staircase to the Orcish Mines.
  7700 | D:9      | Reached skill level 5 in Armour
  7808 | D:9      | Reached ***** piety under Trog
  7829 | D:9      | Found a transporter.
  7832 | D:9      | Noticed an orc knight
  7835 | D:9      | Found a transporter.
  8018 | D:9      | Identified the ring "Vuero" {rPois rN+ Will+ Int+5}
  8121 | D:10     | Entered Level 10 of the Dungeon
  8280 | D:10     | Identified the +1 robe of Kikubaaqudgha's Pride {Harm
                  | Dex+2}
  8380 | D:10     | Found a sparkling altar of Nemelex Xobeh.
  8413 | D:10     | Found a flagged portal.
  8431 | Bailey   | Entered a bailey
  9104 | Bailey   | Reached skill level 10 in Armour
  9854 | D:10     | Reached XP level 11. HP: 99/99 MP: 10/10
 10311 | D:11     | Found a portal to a secret trove of treasure.
 10483 | D:11     | Reached skill level 15 in Axes
 10609 | D:11     | Found an opulent altar of Gozag.
 10842 | D:11     | Found Fyxomyss's Weapon Emporium.
 11057 | D:11     | Received a gift from Trog
 11641 | D:12     | Noticed a two-headed ogre
 11646 | D:12     | Killed a two-headed ogre
 11647 | D:12     | Reached skill level 16 in Axes
 11767 | D:13     | Noticed Rupert
 11767 | D:13     | Noticed a centaur warrior
 11767 | D:13     | Noticed an ogre mage
 11767 | D:13     | Noticed Urug
 11767 | D:13     | Found a gate to the Vaults.
 11951 | D:13     | Killed a centaur warrior
 12084 | D:13     | Killed Urug
 12085 | D:13     | Reached skill level 17 in Axes
 12252 | D:13     | Noticed a white ugly thing
 12270 | D:13     | Killed a white ugly thing
 12380 | D:13     | Reached skill level 18 in Axes
 12646 | D:7      | Bought a scroll of magic mapping for 42 gold pieces
 12646 | D:7      | Bought a scroll of noise for 12 gold pieces
 12646 | D:7      | Bought a scroll of blinking for 90 gold pieces
 12646 | D:7      | Bought a scroll of amnesia for 42 gold pieces
 12646 | D:7      | Bought a scroll of enchant weapon for 90 gold pieces
 12704 | D:5      | Bought 2 potions of resistance for 220 gold pieces
 12704 | D:5      | Bought a potion of mutation for 88 gold pieces
 12776 | Lair:1   | Entered Level 1 of the Lair of Beasts
 12800 | Lair:1   | Reached XP level 12. HP: 92/106 MP: 11/11
 13354 | Lair:1   | Noticed Joseph
 13358 | Lair:1   | Killed Joseph
 13594 | Lair:1   | Found a runed translucent door.
 13596 | Lair:1   | Identified the +7 trident of the Slicing Messenger {freeze,
                  | Fly}
 13597 | Lair:1   | Noticed barney's ghost (journeyman DrTm)
 13817 | Lair:2   | Reached skill level 19 in Axes
 13904 | Lair:2   | Noticed a five-headed hydra
 13910 | Lair:2   | Killed a two-headed hydra
 14236 | Lair:2   | Reached skill level 20 in Axes
 14593 | Lair:2   | Noticed a boulder beetle
 14601 | Lair:2   | Killed a boulder beetle
 14931 | Lair:2   | Received a gift from Trog
 15040 | Lair:3   | Reached XP level 13. HP: 118/118 MP: 12/12
 15465 | Lair:3   | Found a staircase to the Shoals.
 16131 | Lair:4   | Found a hole to the Spider Nest.
 16634 | Lair:4   | Reached skill level 15 in Fighting
 17374 | Lair:4   | Noticed a fire dragon
 17394 | Lair:4   | Killed a fire dragon
 17438 | Lair:4   | Identified the +5 quick blade "Jutoorho" {freeze, rElec
                  | rCorr}
 17662 | Lair:5   | Noticed Sonja
 17668 | Lair:5   | Killed Sonja
 18001 | Lair:5   | Found a staircase to the Slime Pits.
 18001 | Lair:5   | Found a viscous altar of Jiyva.
 18222 | Lair:6   | Entered Level 6 of the Lair of Beasts
 18259 | Lair:6   | Reached XP level 14. HP: 130/135 MP: 13/13
 18576 | Lair:6   | Received a gift from Trog
 19531 | Lair:6   | Reached skill level 15 in Armour
 19687 | Lair:6   | Found a corrupted altar of Lugonu.
 19687 | Lair:6   | Found a one-way gate to the infinite horrors of the Abyss.
 19794 | Lair:6   | Identified the +7 scimitar of Gety {elec, rElec rPois rN+
                  | Dex-4}
 20343 | D:13     | Found a transporter.
 20344 | D:13     | Found a transporter.
 20396 | D:13     | Killed Rupert
 20681 | D:13     | Reached skill level 21 in Axes
 21203 | D:14     | Reached XP level 15. HP: 114/141 MP: 14/14
 21283 | D:14     | Noticed Snorg
 21294 | D:14     | HP: 4/141 [Snorg (6)]
 21454 | D:14     | Killed Snorg
 21586 | D:14     | Found an ancient bone altar of Kikubaaqudgha.
 21672 | D:14     | Reached skill level 22 in Axes
 21917 | D:15     | Entered Level 15 of the Dungeon
 21974 | D:15     | Found a staircase to the Depths.
 21991 | D:15     | Found a white marble altar of Elyvilon.
 22170 | D:15     | Received a gift from Trog
 22488 | D:15     | Found a shimmering altar of Xom.
 22488 | D:15     | Found a shimmering altar of Xom.
 22691 | D:15     | Found a shimmering altar of Xom.
 22692 | D:15     | Found a shimmering altar of Xom.
 22692 | D:15     | Found a shimmering altar of Xom.
 22694 | D:15     | Found a shimmering altar of Xom.
 22694 | D:15     | Found a shimmering altar of Xom.
 22931 | Orc:1    | Entered Level 1 of the Orcish Mines
 23021 | D:7      | Bought a scroll of magic mapping for 42 gold pieces
 23021 | D:7      | Bought a scroll of magic mapping for 42 gold pieces
 23059 | D:6      | Bought a potion of curing for 90 gold pieces
 23096 | D:5      | Bought a potion of curing for 33 gold pieces
 23096 | D:5      | Bought a potion of might for 44 gold pieces
 23096 | D:5      | Bought 2 potions of magic for 176 gold pieces
 23096 | D:5      | Bought a potion of curing for 33 gold pieces
 23096 | D:5      | Bought a potion of curing for 33 gold pieces
 23205 | D:1      | Bought 2 potions of might for 200 gold pieces
 23704 | Orc:2    | Entered Level 2 of the Orcish Mines
 23854 | Orc:2    | Noticed Saint Roka
 23864 | Orc:2    | HP: 5/145 [Saint Roka/divine providence (10)]
 23874 | Orc:2    | Found a dark tunnel.
 23882 | Volcano  | Entered a volcano
 24344 | Orc:2    | Noticed Erolcha
 24350 | Orc:2    | Killed Erolcha
 24353 | Orc:2    | Noticed Josephine
 24355 | Orc:2    | Received a gift from Trog
 24362 | Orc:2    | Killed Josephine
 24364 | Orc:2    | Found a staircase to the Elven Halls.
 24369 | Elf:1    | Entered Level 1 of the Elven Halls
 24561 | Elf:1    | Found a crumbling gateway.
 24581 | Desolati | Entered the Desolation of Salt
 24591 | Desolati | Noticed an imperial myrmidon
 25862 | Orc:2    | Killed Saint Roka
 25898 | Orc:2    | Found Erraudan's Assorted Antiques.
 25898 | Orc:2    | Found Cuurgh's Jewellery Emporium.
 25899 | Orc:2    | Found Guofafaf's Armour Shoppe.
 25901 | Orc:2    | Found Gamiwuum's Distillery.
 25910 | Orc:2    | Bought a potion of haste for 150 gold pieces
 25910 | Orc:2    | Bought a potion of heal wounds for 75 gold pieces
 25931 | Orc:2    | Bought a ring of ice for 425 gold pieces
 25932 | Orc:2    | Bought a scroll of blinking for 225 gold pieces
 26214 | Shoals:1 | Entered Level 1 of the Shoals
 26257 | Shoals:1 | Found Jilloom's Assorted Antiques.
 26478 | Shoals:1 | Noticed Nikola
 26495 | Shoals:1 | HP: 4/225 [Nikola/arc of chain lightning (41)]
 26496 | Shoals:1 | Mangled by Nikola

Illustrated notes

Levels and vault maps discovered:
D:1:      ldierk_walled_garden_2, layout_loops_ring, serial_shops,
          nicolae_shop_trees, shapermc_ecumenical_altar_venn
D:2:      layout_basic
D:3:      layout_loops_ring, mainiacjoe_overflow_small_starburst,
          minmay_misc_feat_cross, uniq_ijyb
D:4:      layout_rooms, chequers_temple_overflow_statue_of_worship,
          nicolae_ossuary_entry_monument
D:5:      layout_loops_cross, minmay_temple_entry_butterflies, serial_shops,
          shop
D:6:      layout_gridville, zin_purify, uniq_sigmund, uniq_prince_ribbit1,
          uniq_menkaure
D:7:      kennysheep_spiral_hall, layout_loops_ring,
          mainiacjoe_overflow_concentric_impassable, serial_shops,
          kennysheep_little_box, grunt_tough_drop
D:8:      layout_rooms, kennysheep_mini_moat, lair_entry_dummy
D:9:      gammafunk_beogh_shrine, layout_cave_pools, orc_0_dummy,
          minmay_misc_feat_plants
D:10:     layout_stronghold, nemelex_diamond_rough_becter, enter_bailey_5
D:11:     layout_basic, serial_shops, shop, enter_trove_6,
          minmay_misc_feat_secret_circle, nicolae_gozag_seed_capital
D:12:     layout_roguey
D:13:     gammafunk_boulding_lane, layout_irregular_city, david_vaults_3,
          gauntlet_entry_generic
D:14:     layout_basic, nicolae_kikubaaqudgha_miasma_corner,
          kennysheep_cross_room, chequers_serial_rivers_large_a, minmay_holes,
          uniq_snorg
D:15:     grunt_enter_depths_giant_problem, layout_irregular_city,
          elyvilon_altar_5, xom_redecorated
Temple:   regret_index_temple_generic_petals
Lair:1:   layout_loops_ring, ebering_ghost_funeral_grove, roderic_batcave,
          uniq_joseph
Lair:2:   beast_lair_carwin_large_2, layout_gridlike
Lair:3:   nzn_winding_woodlands_small [nzn_winding_woodlands_5x15_longhouse,
          nzn_winding_woodlands_center_diamonds,
          nzn_winding_woodlands_5x15_crooked], layout_chaotic_city,
          minmay_shoals_entry_lonely_mermaid
Lair:4:   dragon1_lemuel, layout_cave_pods, dummy_spider_entry, serial_forest,
          infiniplex_forest_lined_room_3, infiniplex_forest_diagonal,
          infiniplex_forest_straight_2, infiniplex_forest_zigzag_1,
          infiniplex_forest_end_double, infiniplex_forest_lined_2,
          infiniplex_forest_fountain, infiniplex_forest_side_room,
          infiniplex_forest_lined_corner
Lair:5:   layout_regular_city, slime_altar_1, infiniplex_staircase_pool,
          uniq_sonja
Lair:6:   hellmonk_lair_end_abyssal_woods, layout_cave_pods, minivault_23,
          grunt_megastairs_1
Shoals:1: layout_shoals, serial_shops, shop, nicolae_shoals_c_island,
          uniq_nikola
Orc:1:    layout_caves
Orc:2:    st_orc_rangers, layout_caves, enter_volcano_2, minmay_orc_temple_b,
          uniq_saint_roka, uniq_erolcha, uniq_urug, uniq_josephine
Elf:1:    elf_arrival_001, layout_geoelf_grid, basic_altar,
          portal_desolation_entry_garden, orc_legates

Skill      XL: |  1  2  3  4  5  6  7  8  9 10 11 12 13 14 15 |
---------------+----------------------------------------------+-----
Axes           | 4 5 6 7 8 9 12 13 14 18 20 21 22 | 22.0
Fighting       | 10 12 15 18 | 18.4
Armour         | 3 10 12 15 | 15.0
Dodging        | |  2.1

Action                   |  1- 3 |  4- 6 |  7- 9 | 10-12 | 13-15 || total
-------------------------+-------+-------+-------+-------+-------++-------
Melee: Hand axe          |    47 |       |    26 |       |       ||    73
       Headbutt          |    18 |    30 |    40 |    97 |   182 ||   367
       War axe           |    18 |   117 |   176 |       |       ||   311
       Unarmed           |     1 |       |       |       |       ||     1
       Battleaxe         |       |       |       |   182 |       ||   182
       Halberd           |       |       |       |    33 |       ||    33
       Executioner's axe |       |       |       |   293 |   847 ||  1140
 Fire: Arbalest          |       |       |       |       |     2 ||     2
Throw: Dart              |       |       |     2 |    51 |     4 ||    57
Invok: Berserk           |     1 |       |    15 |     7 |    13 ||    36
       Trog's Hand       |       |       |     1 |     2 |     7 ||    10
       Brothers in Arms  |       |       |       |     1 |     5 ||     6
Evoke: Wand              |       |       |       |       |     3 ||     3
  Use: Scroll            |       |       |       |    14 |    20 ||    34
       Potion            |       |       |       |       |     8 ||     8
 Stab: Sleeping          |     2 |       |       |       |       ||     2
       Paralysed         |       |       |       |       |     1 ||     1
       Distracted        |       |       |       |       |     2 ||     2
Armor: Animal skin       |    11 |       |       |       |       ||    11
       Chain mail        |       |    52 |   106 |   126 |    26 ||   310
       Plate armour      |       |       |       |   358 |   697 ||  1055
Dodge: Dodged            |    47 |    50 |    86 |   295 |   403 ||   881
